 Dungeon Crawl Stone Soup version 0.28-a0-595-g9f6c0e134a (webtiles) character file.

Game seed: 5060133520318719364

5957 siradein the Fighter (level 10, 0/91 HPs)
             Began as a Red Draconian Transmuter on Oct 5, 2021.
             Was a Believer of Wu Jian.
             Slain by an unseen horror (4 damage)
             ... on level 9 of the Dungeon.
             The game lasted 00:54:41 (15303 turns).

siradein the Fighter (Red Draconian Transmuter)    Turns: 15303, Time: 00:54:41

Health: 0/91       AC:  2    Str: 12    XL:     10   Next: 54%
Magic:  18/19      EV: 24    Int: 16    God:    Wu Jian [**....]
Gold:   453        SH:  0    Dex: 18    Spells: 11/21 levels left

rFire   . . .      SeeInvis .     - Unarmed
rCold   . . .      Faith    +   (shield currently unavailable)
rNeg    . . .      Spirit   .   (armour unavailable)
rPois   x          Reflect  .   (helmet currently unavailable)
rElec   .          Harm     .   (cloak currently unavailable)
rCorr   .          Rampage  .   (gloves currently unavailable)
Will    .....                   (boots currently unavailable)
Stlth   ++........              b - amulet of faith
HPRegen 0.25/turn               j - ring of flight
MPRegen 0.16/turn               (no ring)

@: short of breath, spider-form (expiring), flying, studying Fighting
A: venomous fangs, (breathe fire), AC +7, tiny, unfitting armour, (fire
resistance 1), (cold-blooded)
a: End Transformation, Renounce Religion, Wall Jump


You were on level 9 of the Dungeon.
You worshipped Wu Jian.
Wu Jian was pleased with you.
You were a venomous arachnid creature.
You visited 2 branches of the dungeon, and saw 11 of its levels.

You collected 453 gold pieces.

Inventory:

Missiles
 c - a throwing net
Armour
 f - a +0 cloak (melded)
 B - a +0 pair of gloves (melded)
Jewellery
 b - an amulet of faith (around neck)
 j - a ring of flight (left front leg)
 t - a ring of ice
Wands
 n - a wand of flame (12)
 o - a wand of acid (9)
 p - a wand of mindburst (18)
 x - a wand of polymorph (8)
 y - a wand of digging (3)
Scrolls
 a - a scroll of magic mapping
 d - a scroll of summoning
 g - 3 scrolls of fog
 i - 4 scrolls of teleportation {unknown}
 k - a scroll of vulnerability {unknown}
 l - a scroll of holy word {unknown}
 m - 3 scrolls of amnesia {unknown}
 s - a scroll of silence {unknown}
 u - a scroll of fear {unknown}
 z - a scroll of acquirement {unknown}
 D - a scroll of enchant armour {unknown}
 F - 3 scrolls of enchant weapon
Potions
 e - a potion of lignification
 r - 2 potions of might
 v - 2 potions of curing
 w - a potion of heal wounds
 A - a potion of attraction {unknown}
 C - a potion of resistance {unknown}
Miscellaneous
 E - a lightning rod (4/4)


   Skills:
 + Level 9.2 Fighting
 + Level 6.3 Dodging
 + Level 7.3 Unarmed Combat
 + Level 6.4 Spellcasting
 + Level 6.9 Transmutations
 - Level 4.1 Poison Magic
 + Level 3.8 Evocations


You had 11 spell levels left.
You knew the following spells:

 Your Spells              Type           Power      Damage    Failure   Level
a - Beastly Appendage     Tmut           54%        N/A       4%          1
b - Wereblood             Tmut           27%        N/A       5%          2
c - Spider Form           Tmut/Pois      11%        N/A       13%         3
d - Ice Form              Ice/Tmut       16%        N/A       54%         4

Your spell library contained the following spells:

 Spells                   Type           Power      Damage    Failure   Level
 Ensorcelled Hibernation  Hex/Ice        10%        N/A       41%         2
 Gell's Gravitas          Tloc           2%         N/A       58%         3
 Lesser Beckoning         Tloc           5%         N/A       58%         3
 Teleport Other           Tloc           5%         N/A       58%         3
 Tukima's Dance           Hex            5%         N/A       58%         3
 Animate Dead             Necr           2%         N/A       91%         4
 Haunt                    Necr/Summ      2%         N/A       100%        7
 Infestation              Necr           2%         N/A       100%        8


Dungeon Overview and Level Annotations

Branches:
Dungeon (10/15)            Temple (1/1) D:6             Orc (0/2) D:9
   Lair: D:8-11

Altars:
Ashenzari
Cheibriados
Dithmenos
Elyvilon
Fedhas
Gozag
Hepliaklqana
Kikubaaqudgha
Makhleb
Nemelex Xobeh
Okawaru
Qazlal
Ru
Sif Muna
Trog
Uskayaw
Vehumet
Wu Jian
Xom
Yredelemnul
Zin
The Shining One

Shops:
D:4 *


Innate Abilities, Weirdness & Mutations

You are a venomous arachnid creature.
You have poisonous fangs.
You are tiny and dextrous.
Your spellcasting is less reliable in this form.
Your armour is entirely melded.
You are incapable of wielding weapons or throwing items.
((You can breathe blasts of fire.))
((Your fiery red scales are hard. (AC +7)))
You cannot fit into any form of body armour.
((Your flesh is heat resistant. (rF+)))
((You are cold-blooded and may be slowed by cold attacks.))


Message History

Deactivating autopickup; reactivate with Ctrl-A.
You closely miss something. Something closely misses you.
The black bear goes berserk!
The orc misses you.
You spin and attack the black bear.
You hit the black bear but do no damage.
The black bear is almost dead.
You spin and attack the orc.
You bite the orc!
You kill the orc!
The Council accepts your kill. Something hits you. The black bear misses you.
The black bear completely misses you. The black bear closely misses you.
The black bear misses you.
The black bear claws you but does no damage.
The black bear completely misses you.
Things that are here:
a +0 dagger of freezing; a +0 robe; a +0 dagger You spin and attack the black bear.
You barely miss the black bear.
The black bear is almost dead.
Something misses you. The black bear misses you. The black bear claws you.
The black bear barely misses you.
You bite something! Something hits you! The black bear misses you.
The black bear completely misses you. The black bear misses you.
You bite something! Something hits you.
* * * LOW HITPOINT WARNING * * *
The black bear completely misses you. x2; The black bear closely misses you.
The black bear misses you. The black bear claws you.
* * * LOW HITPOINT WARNING * * *
The black bear claws you but does no damage.
You hit something but do no damage. Something hits you!
* * * LOW HITPOINT WARNING * * *
The black bear completely misses you. The black bear misses you.
The black bear claws you.
* * * LOW HITPOINT WARNING * * *
Something hits you.
* * * LOW HITPOINT WARNING * * *
Your transformation is almost over.
You kill the black bear!
The Council accepts your kill. Something hits you.
You die...

#...............# ##.##
#...............# #...
#.......####.##.# ####''
##.......# #.##.# ##.....
#....##### #.##.# ##...... .....#
#.##.# ##....... .....# #.##.#
##........ .....# #.##.#
##......... .....# #..#s#
#.......... ##.#.#
##.#.######......≈≈≈≈
#.#.#########..†.[...#......≈≈≈≈
#.#.##.....###))####.'......≈≈≈≈
#.#..'.![.÷.).)># #)'......≈≈≈≈
#.####.....###### ###......≈≈≈≈
#..###.....# #......≈≈≈≈
##...##(....# #..........
............############.........


There were no monsters in sight!

Vanquished Creatures
  Pikel (D:4)
  Joseph (D:8)
  A troll (D:8)
  Prince Ribbit (D:5)
  A hornet (D:7)
  A yak (D:9)
  Eustachio (D:4)
  A wraith (D:9)
  Grum (D:8)
  Menkaure (D:5)
  4 orc warriors
  2 ice beasts
  A black bear (D:9)
  3 ogres
  3 wolves (D:8)
  5 centaurs
  A kobold brigand (D:9)
  A phantom (D:6)
  Blork the orc (D:5)
  A bullfrog (D:9)
  A gnoll sergeant (D:7)
  3 scorpions
  5 killer bees (D:9)
  4 howler monkeys
  An electric eel (D:9)
  A centaur zombie (D:6)
  7 hounds
  2 jellies
  5 orc priests
  A gnoll shaman (D:8)
  6 iguanas
  Ijyb (D:5)
  15 orc wizards
  Natasha (thrice) (D:2)
  A hound zombie (D:5)
  A howler monkey zombie (D:9)
  8 adders
  11 gnolls
  A howler monkey skeleton (D:4)
  A shadow imp (D:3)
  A white imp (D:8)
  An ufetubus (D:4)
  4 worms
  3 dart slugs
  46 orcs
  7 ball pythons
  5 endoplasms
  4 giant cockroaches
  6 goblins
  2 hobgoblins
  7 jackals (D:1)
  2 quokkas
  4 bats
  2 frilled lizards (D:1)
  7 kobolds
  5 rats
216 creatures vanquished.

Vanquished Creatures (others)
  5 fungi (D:10)
  59 plants
64 creatures vanquished.

Grand Total: 280 creatures vanquished

Notes
Turn   | Place    | Note
-------+----------+-------------------------------------------
     0 | D:1      | siradein the Draconian Transmuter began the quest for the
                  | Orb.
     0 | D:1      | Reached XP level 1. HP: 16/16 MP: 3/3
   402 | D:1      | Reached XP level 2. HP: 23/23 MP: 3/5
   527 | D:1      | Learned a level 2 spell: Wereblood
   760 | D:1      | Found a faded altar of an unknown god.
  1024 | D:1      | Reached XP level 3. HP: 23/29 MP: 6/6
  1524 | D:2      | Noticed Natasha
  1537 | D:2      | Killed Natasha
  1538 | D:2      | Reached skill level 2 in Fighting
  1888 | D:2      | Noticed Natasha
  1898 | D:2      | Killed Natasha
  1899 | D:2      | Reached XP level 4. HP: 13/36 MP: 5/7
  1925 | D:2      | Noticed Natasha
  1931 | D:2      | Killed Natasha
  2168 | D:2      | Found a snail-covered altar of Cheibriados.
  2686 | D:3      | Learned a level 3 spell: Spider Form
  2754 | D:3      | Reached XP level 5. HP: 42/42 MP: 7/9
  3484 | D:4      | Reached skill level 1 in Poison Magic
  3827 | D:4      | Found Zin's Purification Station.
  3834 | D:4      | Noticed Eustachio
  3837 | D:4      | Reached XP level 6. HP: 46/50 MP: 6/10
  4153 | D:4      | Reached skill level 3 in Fighting
  4181 | D:4      | Found a sacrificial altar of Ru.
  4396 | D:4      | Your scales start taking on a fiery red colour.
  4396 | D:4      | Reached XP level 7. HP: 29/57 MP: 10/12
  4396 | D:4      | Gained mutation: Your flesh is heat resistant. (rF+) [Red
                  | Draconian growth]
  4675 | D:4      | Found a glowing silver altar of Zin.
  5197 | D:4      | Killed Eustachio
  5234 | D:5      | Entered Level 5 of the Dungeon
  5240 | D:5      | Learned a level 4 spell: Ice Form
  5380 | D:5      | Noticed Pikel
  5420 | D:5      | Noticed Menkaure
  5883 | D:4      | Killed Pikel
  5884 | D:4      | Reached skill level 4 in Fighting
  5884 | D:4      | Reached skill level 5 in Unarmed Combat
  5884 | D:4      | Reached XP level 8. HP: 39/67 MP: 7/14
  6037 | D:5      | Killed Menkaure
  6702 | D:5      | Reached skill level 5 in Fighting
  6960 | D:5      | Noticed Blork the orc
  6965 | D:5      | Killed Blork the orc
  7012 | D:5      | Noticed Ijyb
  7014 | D:5      | Killed Ijyb
  7242 | D:5      | Noticed Prince Ribbit
  7256 | D:5      | Killed Prince Ribbit
  7257 | D:5      | Reached skill level 5 in Transmutations
  7919 | D:6      | Reached skill level 6 in Fighting
  7919 | D:6      | Reached XP level 9. HP: 72/75 MP: 12/16
  8115 | D:6      | Reached skill level 5 in Spellcasting
  8403 | D:6      | Found a staircase to the Ecumenical Temple.
  8490 | Temple   | Entered the Ecumenical Temple
  8646 | Temple   | Became a worshipper of the Wu Jian Council
  8936 | D:6      | Reached skill level 5 in Dodging
  9650 | D:7      | Reached skill level 7 in Fighting
  9650 | D:7      | Reached skill level 1 in Evocations
  9744 | D:7      | Reached * piety under Wu Jian
 10491 | D:8      | Noticed Joseph
 10501 | D:8      | Killed Joseph
 10966 | D:8      | Reached skill level 8 in Fighting
 11394 | D:8      | Noticed Grum
 11412 | D:8      | Killed Grum
 11413 | D:8      | Reached XP level 10. HP: 75/88 MP: 15/18
 12963 | D:9      | Reached ** piety under Wu Jian
 13078 | D:9      | Found an opulent altar of Gozag.
 13384 | D:9      | Found a staircase to the Orcish Mines.
 13419 | D:9      | Found a shimmering blue altar of Sif Muna.
 13420 | D:9      | Found a burning altar of Makhleb.
 13512 | D:9      | Found a snail-covered altar of Cheibriados.
 13836 | D:10     | Entered Level 10 of the Dungeon
 14124 | D:10     | Reached skill level 9 in Fighting
 14612 | D:9      | HP: 4/91 [poisoned by a killer bee]
 15302 | D:9      | HP: 3/91 [something (6)]
 15303 | D:9      | Slain by an unseen horror

Illustrated notes

Levels and vault maps discovered:
D:1:      wheals_arrival_linesprint, layout_basic,
          shapermc_ecumenical_altar_acropolis, minmay_hexomino_c4
D:2:      layout_loops_ring, basic_altar, uniq_natasha
D:3:      layout_basic, kennysheep_cross_bottleneck, corner_web_ring
D:4:      layout_loops_ring, nicolae_ru_great_annihilating_truth, zin_purify,
          serial_bayou_pond_c, glass_columns_a, uniq_eustachio
D:5:      layout_loops_corners, serial_bayou, serial_bayou_pond_c,
          serial_bayou_shore_a, serial_bayou_lagoon_a, serial_bayou_pond_c,
          palyth_stone_intersect, uniq_ijyb, uniq_menkaure, uniq_pikel,
          uniq_blork_the_orc, uniq_prince_ribbit1
D:6:      layout_loops_ring, minmay_temple_entry_fiery
D:7:      layout_basic, chequers_serial_rivers_room_b
D:8:      layout_basic, uniq_grum, uniq_joseph
D:9:      layout_basic, lemuel_doored_altar,
          mainiacjoe_overflow_concentric_impassable, minitemple,
          kennysheep_big_empty_room
D:10:     cheibrodos_barr_body, layout_cross, grunt_lair_entry_orc_guard_hut,
          amethyst_killhole, uniq_gastronok
Temple:   regret_index_temple_sphere_string

Skill      XL: |  1  2  3  4  5  6  7  8  9 10 |
---------------+-------------------------------+-----
Dodging        | 2 3 4 5 6 |  6.3
Fighting       | 2 3 4 6 8 9 |  9.2
Transmutations | 3 4 5 6 |  6.9
Poison Magic   | 1 2 3 4 |  4.1
Spellcasting   | 3 4 5 6 |  6.4
Unarmed Combat | 4 5 6 7 |  7.3
Evocations     | 2 3 |  3.8

Action                   |  1- 3 |  4- 6 |  7- 9 | 10-12 || total
-------------------------+-------+-------+-------+-------++-------
Melee: Unarmed           |   113 |   214 |   282 |   194 ||   803
       Kick              |    13 |    45 |    11 |     5 ||    74
       Headbutt          |     9 |    24 |     6 |     4 ||    43
       Tailslap          |     7 |    24 |     8 |     7 ||    46
       Punch             |       |     5 |     1 |     1 ||     7
 Cast: Beastly Appendage |    18 |    27 |    12 |     3 ||    60
       Wereblood         |     1 |     7 |     8 |     5 ||    21
       Spider Form       |       |       |    36 |    21 ||    57
Invok: Lunge             |       |       |    16 |     5 ||    21
       Whirlwind         |       |       |     2 |    14 ||    16
 Abil: Breathe Fire      |       |       |    23 |     5 ||    28
  Use: Potion            |       |     1 |       |     1 ||     2
       Scroll            |       |       |     3 |     5 ||     8
 Stab: Invisible         |       |     1 |       |       ||     1
       Sleeping          |       |       |     1 |     1 ||     2
Armor: Skin              |    29 |   118 |    22 |    41 ||   210
Dodge: Dodged            |    76 |   196 |   227 |   256 ||   755

Table legend: (Time is in decaauts)
 A = Elapsed time spent in this place.
 B = Non-inter-level travel time spent in this place.
 C = Inter-level travel time spent in this place.
 D = Time resting spent in this place.
 E = Time spent auto-exploring this place.
 F = Levels seen in this place.
 G = Mean time per level.
                   A        B        C        D        E       F      G
               +--------+--------+--------+--------+--------+-----+--------+
         Total |  15257 |  14869 |    388 |   2755 |   9608 |  11 | 1387.0 |
       Dungeon |  15068 |  14681 |    387 |   2755 |   9481 |  10 | 1506.8 |
        Temple |    188 |    188 |      0 |      0 |    127 |   1 |  188.0 |
               +--------+--------+--------+--------+--------+-----+--------+

Top non-repeatable levels by time:
     D:9: 2553 daAuts
     D:4: 2482 daAuts
     D:8: 2433 daAuts
     D:5: 1955 daAuts
     D:1: 1319 daAuts
     D:2: 1201 daAuts
     D:7: 1188 daAuts
     D:6: 1087 daAuts
     D:3: 791 daAuts
  Temple: 188 daAuts
    D:10: 54 daAuts
